 Dungeon Crawl Stone Soup version 0.17-a0-1421-g95311d7 (webtiles) character file.

4 Gorice the Stinger (level 1, -4/11 HPs)
             Began as an Octopode Venom Mage on June 24, 2015.
             Slain by a gnoll
             ... wielding a +0 spear
              (11 damage)
             ... on level 1 of the Dungeon.
             The game lasted 00:01:19 (37 turns).

Gorice the Stinger (Octopode Venom Mage)              Turns: 37, Time: 00:01:20

Health: -4/11      AC:  1    Str:  7    XL:     1   Next: 60%
Magic:  0/3        EV: 12    Int: 17    God:
Gold:   0          SH:  0    Dex: 12    Spells: 1 memorised, 3 levels left

rFire  . . .     SeeInvis .     (no weapon)
rCold  . . .     Clarity  .     (no shield)
rNeg   . . .     SustAt   .     (helmet restricted)
rPois  .         Gourm    .     (no amulet)
rElec  .         Spirit   .     (no ring)
rCorr  .         Warding  .     (no ring)
rMut   .         Stasis   .     (no ring)
MR     .....                    (no ring)
Stlth  +++.......               (no ring)
                                (no ring)
                                (no ring)
                                (no ring)

@: not resistant to hostile enchantments, fairly stealthy
A: almost no armour, amphibious, 8 rings, constrict 8, camouflage 1, gelatinous
body 1
a: no special abilities


You were on level 1 of the Dungeon.
You were not hungry.

You visited 1 branch of the dungeon, and saw 1 of its levels.

Inventory:

Books
 a - a Young Poisoner's Handbook
Comestibles
 b - a bread ration {!e}


   Skills:
 - Level 2.0 Dodging
 - Level 2.6 Stealth
 + Level 2.1 Spellcasting
 * Level 0.8 Conjurations
 + Level 4.8 Poison Magic


You had 3 spell levels left.
You knew the following spells:

 Your Spells              Type           Power        Failure   Level  Hunger
a - Sting                 Conj/Pois      ##..         10%         1    #......


Dungeon Overview and Level Annotations

Branches:
Dungeon (1/15)

Altars:


Innate Abilities, Weirdness & Mutations

You cannot wear most types of armour.
You are amphibious.
You can wear up to eight rings at the same time.
You can use your tentacles to constrict eight enemies at once.
Your skin changes colour to match your surroundings (Stealth).
Your rubbery body absorbs attacks (AC +1).


Message History

Confirm with . or Enter, or press ? or * to list all spells.
Aiming: Sting
Press: ? - help, Shift-Dir - straight line, f - jackal
Aim: a jackal The sting misses the jackal.
The jackal bites you but does no damage.
Casting: Sting
Confirm with . or Enter, or press ? or * to list all spells.
You don't have enough magic to cast that spell.
Unknown command.
You barely miss the jackal. You grab the jackal. You constrict the jackal.
The jackal bites you but does no damage.
You tentacle-slap the jackal but do no damage.
The jackal is lightly wounded.
You constrict the jackal, but do no damage.
The jackal misses you.
The jackal bites you but does no damage.
You tentacle-slap the jackal.
The jackal is lightly wounded.
You constrict the jackal. The jackal misses you.
You tentacle-slap the jackal.
The jackal is heavily wounded.
You constrict the jackal, but do no damage.
The jackal barely misses you. The jackal bites you.
Damage: 1 (max 3)
You tentacle-slap the jackal.
The jackal is almost dead.
You constrict the jackal.
You kill the jackal!
You start resting.
Casting: Sting
Confirm with . or Enter, or press ? or * to list all spells.
Aiming: Sting
Press: ? - help, Shift-Dir - straight line, f - gnoll
Aim: a gnoll, wielding a spear (hasn't noticed you)
The sting hits the gnoll.
The gnoll appears unharmed.
The gnoll shouts!
Casting: Sting
Confirm with . or Enter, or press ? or * to list all spells.
Aiming: Sting
Press: ? - help, Shift-Dir - straight line, f/p - gnoll
Aim: a gnoll, wielding a spear The sting misses the gnoll.
The gnoll misses you.
Casting: Sting
Confirm with . or Enter, or press ? or * to list all spells.
You don't have enough magic to cast that spell.
Unknown command.
The gnoll hits you with a spear!
Ouch! That really hurt!
You die...

...#....N..#.. .
.[.#.≈≈≈≈≈i#.# ..
...#.≈≈≈≈≈g#.#.g.
#.#.≈≈X9≈K#.....
#.#...†Oai#.h..#
#.#########.#
#....'''.hh.#
##.###g######
#...@.# #..<..#
#.....# #######


You could see a gnoll and a neutral kraken.

Vanquished Creatures
  3 jackals (D:1)
3 creatures vanquished.

Vanquished Creatures (others)
  A minotaur (D:1)
  3 gargoyles (D:1)
  A troll (D:1)
  A formicid (D:1)
  2 spriggans (D:1)
  A vampire (D:1)
  2 nagas (D:1)
  A dwarf (D:1)
  An ogre (D:1)
  2 kobolds (D:1)
  11 tentacles (D:1)
  26 tentacle segments (D:1)
52 creatures vanquished.

Grand Total: 55 creatures vanquished

Notes
Turn   | Place    | Note
--------------------------------------------------------------
     0 | D:1      | Gorice the Octopode Venom Mage began the quest for the Orb.
     0 | D:1      | Reached XP level 1. HP: 11/11 MP: 3/3
     2 | D:1      | Noticed a minotaur
     2 | D:1      | Noticed a naga
     2 | D:1      | Noticed a gargoyle
     2 | D:1      | Noticed a spriggan
     2 | D:1      | Noticed a gargoyle
     2 | D:1      | Noticed a troll
     2 | D:1      | Noticed a dwarf
     2 | D:1      | Noticed a naga
     2 | D:1      | Noticed a kraken
     2 | D:1      | Noticed a vampire
     2 | D:1      | Noticed a spriggan
     2 | D:1      | Noticed a gargoyle
     2 | D:1      | Noticed an ogre
     2 | D:1      | Noticed a formicid
     5 | D:1      | Killed a minotaur
     6 | D:1      | Killed a troll
     8 | D:1      | Killed a naga
     9 | D:1      | Killed a gargoyle
     9 | D:1      | Killed a naga
    10 | D:1      | Killed a vampire
    11 | D:1      | Killed a gargoyle
    13 | D:1      | Killed a gargoyle
    14 | D:1      | Killed an ogre
    17 | D:1      | Killed a formicid
    17 | D:1      | Killed a spriggan
    19 | D:1      | Killed a dwarf
    20 | D:1      | Killed a spriggan
    37 | D:1      | Slain by a gnoll

Vault maps used:
D:1:      nicolae_arrival_kraken_aquarium_b, serial_glass, glass_columns_a,
          glass_columns_b

Action                   || total
-------------------------++-------
Melee: Unarmed           ||     8
 Cast: Sting             ||     5

Table legend:
 A = Turns spent in this place as a percentage of turns spent in the entire game.
 B = Non-inter-level travel turns spent in this place as a percentage of non-inter-level travel turns spent in the entire game.
 C = Inter-level travel turns spent in this place as a percentage of turns spent in this place.
 D = Turns resting spent in this place as a percentage of non-inter-level travel turns spent in this place.
 E = Turns spent auto-exploring this place as a percentage of non-inter-level travel turns spent in this place.
 F = Non-inter-level travel turns spent in this place divided by the number of levels of this place that you've seen.
                   A       B       C       D       E      F
               +-------+-------+-------+-------+-------+----------------------
         Total | 100.0 | 100.0 |   0.0 |   5.7 |   0.0 |  35.0
       Dungeon | 100.0 | 100.0 |   0.0 |   5.7 |   0.0 |  35.0
               +-------+-------+-------+-------+-------+----------------------

Vault maps used:
D:1:      nicolae_arrival_kraken_aquarium_b, serial_glass, glass_columns_a,
          glass_columns_b
